[Event "20th Iraklio Open 2017"]
[Site "Athens"]
[Date "2017.06.19"]
[Round "3"]
[White "Koutourinis, Apostolos"]
[Black "Bardis, Harilaos-Panagiotis"]
[Result "1-0"]
[ECO "C50"]
[WhiteElo "2041"]
[BlackElo "1797"]
[Annotator "NA RC"]
[PlyCount "47"]
[EventDate "2017.??.??"]
[EventType "swiss"]
[EventCountry "GRE"]
[SourceTitle "playchess.com"]
[Source "ChessBase"]
[SourceQuality "1"]
[TimeControl "40/5400+30:1800+30"]

1. e4 e5 2. Nf3 Nc6 3. Bc4 Bc5 4. O-O Nf6 5. d4 Bxd4 6. Nxd4 Nxd4 7. Bg5 d6 8. f4 {[%emt 0:00:30] C50: Hungarian Defence and Giuoco Pianissimo} Be6 (8... Qe7 9. Na3 Ne6 10. Bxf6 gxf6 11. f5 Nc5 12. Qe2 a5 13. Qe3 c6 14. Rad1 b5 15. Be2 Bb7 {0-1 (53) Devereaux,M (2374)-Antonsen,M (2458) Copenhagen 2016}) 9. Na3 Bxc4 10. Nxc4 Ne6 11. fxe5 Nxg5 12. exf6 gxf6 13. Qd4 $146 ({Predecessor:} 13. Qd5 O-O 14. h4 Ne6 15. Rf2 c6 16. Qxd6 Qxd6 17. Nxd6 {1-0 (54) Karaklajic,N-Bouwmeester,H Amsterdam 1965}) 13... Ne6 14. Qc3 Rg8 15. Rxf6 Qe7 16. Raf1 Rg7 17. Ne3 Rg6 18. Rxe6 Rxe6 19. Nd5 Qf8 20. Nxc7+ Kd7 21. Nxa8 Qxa8 22. Rxf7+ Re7 23. Qh3+ Ke8 24. Rxh7 $18 1-0

[Event "20th Iraklio Open 2017"]
[Site "Athens"]
[Date "2017.06.19"]
[Round "3"]
[White "Koerant, Filipos"]
[Black "Papadimitriou, Loukas"]
[Result "0-1"]
[ECO "E33"]
[WhiteElo "1872"]
[BlackElo "2059"]
[Annotator "NA RC"]
[PlyCount "82"]
[EventDate "2017.??.??"]
[EventType "swiss"]
[EventCountry "GRE"]
[SourceTitle "playchess.com"]
[Source "ChessBase"]
[SourceQuality "1"]
[TimeControl "40/5400+30:1800+30"]

1. d4 Nf6 2. c4 e6 3. Nc3 Bb4 4. Qc2 Nc6 5. Nf3 d6 6. Bd2 O-O 7. a3 Bxc3 8. Bxc3 Qe7 9. e4 {[%emt 0:02:30] E33: Nimzo-Indian: Classical: 4...Nc6} (9. e3 a5 10. b3 e5 11. Be2 Bg4 12. O-O e4 13. Ne1 Bxe2 14. Qxe2 d5 15. Nc2 Qe6 16. c5 h5 17. b4 a4 {1-0 (48) Fridman,D (2639)-Kovalenko,I (2702) Liepaja 2015}) 9... e5 10. d5 Nb8 11. Be2 a5 12. b4 b6 13. O-O g6 $146 ({Predecessor:} 13... Nbd7 14. Nd2 Bb7 {1-0 (45) Masse,H (2249)-Leclerc,H (1852) Quebec 2004}) 14. Nd2 Nbd7 15. g3 Nh5 16. Bxh5 gxh5 17. f4 h4 18. Nf3 hxg3 19. fxe5 Nxe5 20. Nxe5 dxe5 21. Rf3 Kh8 22. Rxg3 Rg8 23. Rxg8+ Kxg8 24. Qg2+ Kh8 25. Rf1 f6 26. Qf3 axb4 27. Bxb4 Qg7+ 28. Kh1 Ba6 29. Rg1 Qf7 $1 30. Bc3 Rg8 31. Rf1 (31. Bxe5 $1 $14 Rxg1+ 32. Kxg1) 31... Rg5 32. Qxf6+ Qxf6 33. Rxf6 Bxc4 34. Re6 Kg8 35. Bxe5 c5 {[%emt 0:03:30] [#]} (35... b5 $11 {keeps the balance.}) 36. Bg3 ({White should play} 36. Re7 $1 $16) 36... Rxd5 $1 37. Rxb6 Rd2 38. Rf6 Bd3 39. e5 c4 40. Rf2 $2 (40. Bf4 $11 Rf2 41. Kg1 Rf1+ 42. Kg2) 40... c3 41. e6 {[%emt 0:30:53] [#]} c2 0-1

[Event "20th Iraklio Open 2017"]
[Site "Athens"]
[Date "2017.06.20"]
[Round "4.4"]
[White "Korniotis, Filippos"]
[Black "Kotrotsos, Vasilios"]
[Result "1-0"]
[ECO "B06"]
[WhiteElo "2143"]
[BlackElo "2269"]
[Annotator "ChessBase"]
[PlyCount "97"]
[EventDate "2017.??.??"]
[EventType "swiss"]
[EventCountry "GRE"]
[SourceTitle "playchess.com"]
[Source "ChessBase"]
[SourceQuality "1"]
[TimeControl "40/5400+30:1800+30"]

1. d4 g6 2. e4 Bg7 3. Nc3 d6 4. Be3 a6 5. h4 h5 6. Qd2 b5 7. Nh3 Nd7 8. Be2 Bb7 9. f3 c5 10. a4 b4 11. Na2 Qa5 12. Nc1 Ngf6 13. O-O cxd4 14. Bxd4 e5 15. Be3 d5 16. Nb3 Qc7 17. Qxb4 a5 18. Qa3 Bf8 19. Qa2 Bd6 20. Ng5 O-O 21. Bd3 dxe4 22. fxe4 Ng4 23. Rxf7 Rxf7 24. Nd4 Raf8 25. Nde6 Nxe3 26. Nxc7 Bxc7 27. Nxf7 Rxf7 28. b4 Bb6 29. bxa5 Bc5 30. Kh1 Nf6 31. Qe6 Nxe4 32. Qxg6+ Rg7 33. Qe6+ Kf8 34. Bxe4 Bxe4 35. Qc8+ Kf7 36. Qxc5 Rxg2 37. Qxe3 Re2+ 38. Qxe4 Rxe4 39. a6 Rxh4+ 40. Kg2 Rc4 41. Ra2 Rc6 42. Kf3 Rxa6 43. a5 Ke6 44. Ke4 h4 45. c4 h3 46. c5 h2 47. Rxh2 Rxa5 48. Rh6+ Kd7 49. Kd5 1-0

[Event "20th Iraklio Open 2017"]
[Site "Athens"]
[Date "2017.06.20"]
[Round "4.7"]
[White "Margaritis, Fotios"]
[Black "Galanos, Dimitrios"]
[Result "0-1"]
[ECO "B27"]
[WhiteElo "2179"]
[BlackElo "1996"]
[Annotator "ChessBase"]
[PlyCount "53"]
[EventDate "2017.??.??"]
[EventType "swiss"]
[EventCountry "GRE"]
[SourceTitle "playchess.com"]
[Source "ChessBase"]
[SourceQuality "1"]
[TimeControl "40/5400+30:1800+30"]

1. e4 c5 2. Nf3 g6 3. c3 Bg7 4. d4 cxd4 5. cxd4 d5 6. e5 Nh6 7. h3 Nc6 8. Nc3 O-O 9. Qb3 Nf5 10. Be3 Be6 11. Qxb7 Bd7 12. Qb3 Rb8 13. Qa3 Nb4 14. Rc1 Nxe3 15. fxe3 Bh6 16. Kf2 a5 17. Be2 f6 18. exf6 Rxf6 19. Rhe1 Bf5 20. Qa4 Qd6 21. Qxa5 Qe6 22. Bf1 Be4 23. Nxe4 Qxe4 24. a3 Rbf8 25. Kg1 Bxe3+ 26. Kh1 Rxf3 27. Ra1 0-1

[Event "20th Iraklio Open 2017"]
[Site "Athens"]
[Date "2017.06.20"]
[Round "4.8"]
[White "Ergazakis, Ioannis"]
[Black "Nemtsas, Hristoforos"]
[Result "1-0"]
[ECO "B92"]
[WhiteElo "2150"]
[BlackElo "1931"]
[Annotator "ChessBase"]
[PlyCount "43"]
[EventDate "2017.??.??"]
[EventType "swiss"]
[EventCountry "GRE"]
[SourceTitle "playchess.com"]
[Source "ChessBase"]
[SourceQuality "1"]
[TimeControl "40/5400+30:1800+30"]

1. e4 c5 2. Nf3 d6 3. d4 Nf6 4. Nc3 cxd4 5. Nxd4 a6 6. Be2 e5 7. Nb3 Be7 8. Be3 Be6 9. O-O O-O 10. Qd3 Nbd7 11. Nd5 Bxd5 12. exd5 Nc5 13. Nxc5 dxc5 14. Bf3 Qd7 15. c4 Rae8 16. Rfe1 Bd6 17. Qd2 e4 18. Be2 Qf5 19. Rad1 Ng4 20. b4 b6 21. bxc5 bxc5 22. Qa5 1-0

[Event "20th Iraklio Open 2017"]
[Site "Athens"]
[Date "2017.06.20"]
[Round "4.10"]
[White "Hrysogelou, Athanasia-Panagiota"]
[Black "Tsiros, Fragkiskos Vlasios"]
[Result "0-1"]
[ECO "E61"]
[WhiteElo "1878"]
[BlackElo "2163"]
[Annotator "ChessBase"]
[PlyCount "82"]
[EventDate "2017.??.??"]
[EventType "swiss"]
[EventCountry "GRE"]
[SourceTitle "playchess.com"]
[Source "ChessBase"]
[SourceQuality "1"]
[TimeControl "40/5400+30:1800+30"]

1. d4 Nf6 2. c4 d6 3. Nc3 Bf5 4. Nf3 g6 5. e3 Bg7 6. Be2 O-O 7. O-O c6 8. Re1 Na6 9. Bf1 Ne4 10. Nxe4 Bxe4 11. Ng5 Bf5 12. e4 Bd7 13. Be3 c5 14. Nf3 Bg4 15. Be2 Qb6 16. e5 dxe5 17. dxc5 Qc7 18. Nd2 Bf5 19. Nb3 Nb4 20. Bg4 Bxg4 21. Qxg4 Nc2 22. Rad1 Nxe1 23. Rxe1 f5 24. Qf3 e4 25. Qe2 e5 26. Bd2 a5 27. a4 b6 28. Qe3 bxc5 29. Qxc5 Qxc5 30. Nxc5 Rfc8 31. Nb3 Rxc4 32. Nxa5 Rc2 33. Bb4 Rxb2 34. Bc3 Rc2 35. Bb4 Bf8 36. Bxf8 Kxf8 37. Nb3 Rxa4 38. g3 Rb4 39. Na1 Ra2 40. Rc1 Rbb2 41. Rf1 e3 0-1

[Event "20th Iraklio Open 2017"]
[Site "Athens"]
[Date "2017.06.21"]
[Round "5.9"]
[White "Hrisanthopoulos, Dimitrios"]
[Black "Abelakiotis, Stavros"]
[Result "0-1"]
[ECO "B48"]
[WhiteElo "2023"]
[BlackElo "1861"]
[Annotator "NA RC"]
[PlyCount "60"]
[EventDate "2017.??.??"]
[EventType "swiss"]
[EventCountry "GRE"]
[SourceTitle "playchess.com"]
[Source "ChessBase"]
[SourceQuality "1"]
[TimeControl "5400+30"]

1. e4 c5 2. Nf3 e6 3. d4 cxd4 4. Nxd4 Nc6 5. Nc3 Qc7 6. Be3 a6 7. Be2 Nf6 8. a3 b5 9. Nxc6 dxc6 10. f4 {[%emt 0:01:30] B48: Sicilian: Taimanov: 5 Nc3 Qc7 6 Be3 a6 without Be2} Bb7 11. Bf3 (11. e5 Nd7 12. Bf3 Rd8 13. Qe2 Be7 14. Ne4 O-O 15. O-O c5 16. a4 b4 17. Nd2 Nb6 18. Bxb7 Qxb7 {½-½ (32) Zhigalko,A (2591)-Neiksans,A (2628) Baku 2016}) 11... e5 12. f5 Rd8 13. Qe2 c5 $146 ({Predecessor:} 13... Be7 14. g4 Nd7 15. Qf2 Qa5 16. O-O h6 17. Rad1 Qc7 {0-1 (51) Marcic,I (2033)-Plenkovic,Z (2380) Omis 2006}) 14. O-O c4 15. Rad1 Rxd1 16. Rxd1 Bc5 17. Qf2 Bxe3 18. Qxe3 O-O 19. Nd5 (19. Qd2 $11) 19... Bxd5 $1 20. exd5 e4 21. d6 Qc6 22. Be2 Rd8 23. g4 h6 24. Qf4 c3 25. b4 Ne8 26. Qe5 Rxd6 27. Rxd6 Nxd6 28. Qc5 Qxc5+ 29. bxc5 {[%emt 0:00:03] [#]} Nb7 $1 30. c6 Nd6 $17 0-1

[Event "20th Iraklio Open 2017"]
[Site "Athens"]
[Date "2017.06.22"]
[Round "6.2"]
[White "Ergazakis, Ioannis"]
[Black "Korniotis, Filippos"]
[Result "*"]
[ECO "C06"]
[WhiteElo "2150"]
[BlackElo "2143"]
[Annotator "NA"]
[PlyCount "22"]
[EventDate "2017.??.??"]
[EventType "swiss"]
[EventCountry "GRE"]
[SourceTitle "playchess.com"]
[Source "ChessBase"]
[SourceQuality "1"]
[TimeControl "5400+30"]

1. e4 e6 2. d4 d5 3. Nd2 Nf6 4. e5 Nfd7 5. Bd3 c5 6. c3 Nc6 7. Ne2 Qb6 8. Nf3 cxd4 9. cxd4 Bb4+ 10. Kf1 Be7 {[%emt 0:01:30] LiveBook: 9 Games} 11. h4 $11 f5 *

[Event "20th Iraklio Open 2017"]
[Site "Athens"]
[Date "2017.06.22"]
[Round "6.2"]
[White "Loutragotis, Dimitrios"]
[Black "Korniotis, Filippos"]
[Result "1-0"]
[ECO "C06"]
[WhiteElo "2143"]
[BlackElo "2143"]
[Annotator "NA"]
[PlyCount "67"]
[EventDate "2017.??.??"]
[EventType "swiss"]
[EventCountry "GRE"]
[SourceTitle "playchess.com"]
[Source "ChessBase"]
[SourceQuality "1"]
[TimeControl "5400+30"]

1. e4 e6 2. d4 d5 3. Nd2 Nf6 4. e5 Nfd7 5. Bd3 c5 6. c3 Nc6 7. Ne2 Qb6 8. Nf3 cxd4 9. cxd4 Bb4+ 10. Kf1 Be7 11. h4 {[%emt 0:04:30] C06: French Tarrasch: 3...Nf6 4 e5 Nfd7 5 Bd3 main lines} (11. g3 g5 12. Nxg5 Bxg5 13. Bxg5 Qxb2 14. Kg2 b6 15. Qa4 {1-0 (15) Leon Hoyos,M (2527)-Vuelban,V (2422) Perugia 2009}) 11... f5 12. Rh3 Nf8 13. Rg3 $146 ({Predecessor:} 13. Nc3 Bd7 14. Na4 Qa5 15. b3 Nb4 16. Bd2 {1-0 (44) Jurkovic,A (2320)-Berra,D Robecchetto 1997}) 13... g6 14. h5 Bd7 15. a3 O-O-O 16. Bg5 (16. h6 $18) 16... Kb8 (16... Bxg5 $1 $14 17. Nxg5 Be8) 17. b4 Bxg5 18. Nxg5 Be8 19. hxg6 hxg6 20. Kg1 Nxd4 21. Nf4 ({White should try} 21. Nxd4 $15 Qxd4 22. Nf3) 21... Rh4 22. Ngh3 (22. Nfh3 $17) 22... Nc6 23. Rc1 Nxe5 24. Bf1 Ng4 25. Rgc3 {[%emt 0:00:30] [#]} g5 $1 26. Qc2 {[%emt 0:00:30] [#]} Bd7 $1 27. Nd3 Qd6 $15 ({Black should try} 27... d4 $17 28. Rc7 Qd6) 28. g3 Ne3 29. fxe3 Qxg3+ 30. Bg2 Rxh3 31. Nc5 Rh8 32. Nxb7 Kxb7 33. Rc7+ Kb8 34. Qc5 1-0

[Event "20th Iraklio Open 2017"]
[Site "Athens"]
[Date "2017.06.22"]
[Round "6.7"]
[White "Kotrotsos, Vasilios"]
[Black "Katopodis, Dimitrios"]
[Result "1-0"]
[ECO "A03"]
[WhiteElo "2269"]
[BlackElo "2169"]
[Annotator "ChessBase"]
[PlyCount "69"]
[EventDate "2017.??.??"]
[EventType "swiss"]
[EventCountry "GRE"]
[SourceTitle "playchess.com"]
[Source "ChessBase"]
[SourceQuality "1"]
[TimeControl "5400+30"]

1. f4 d5 2. Nf3 g6 3. g3 Bg7 4. Bg2 Nf6 5. O-O O-O 6. d3 c5 7. Qe1 d4 8. Na3 Nc6 9. Bd2 Nd5 10. c3 e5 11. fxe5 Nxe5 12. Nxe5 Bxe5 13. Nc2 Be6 14. c4 Nf6 15. b4 Ng4 16. Bf4 Qe7 17. bxc5 Qxc5 18. Rb1 Bxc4 19. h3 Bxf4 20. Rxf4 Be6 21. Nxd4 Ne3 22. Bxb7 Rab8 23. Rb5 Qc7 24. Nxe6 fxe6 25. Rxf8+ Rxf8 26. Bf3 Qc2 27. Qa1 Rxf3 28. Rb8+ Kf7 29. Rb7+ Ke8 30. Qh8+ Rf8 31. Rb8+ Kd7 32. Qxf8 Qc1+ 33. Kh2 Nf1+ 34. Kg2 Ne3+ 35. Kf3 1-0

[Event "20th Iraklio Open 2017"]
[Site "Athens"]
[Date "2017.06.23"]
[Round "7.9"]
[White "Fragkos, Vasileios"]
[Black "Abelakiotis, Stavros"]
[Result "1-0"]
[ECO "B44"]
[WhiteElo "1453"]
[BlackElo "1861"]
[Annotator "NA RC"]
[PlyCount "54"]
[EventDate "2017.??.??"]
[EventType "swiss"]
[EventCountry "GRE"]
[SourceTitle "playchess.com"]
[Source "ChessBase"]
[SourceQuality "1"]
[TimeControl "5400+30"]

1. e4 c5 2. Nf3 e6 3. d4 cxd4 4. Nxd4 Nc6 5. c4 Nf6 6. Nc3 Bb4 7. Nxc6 bxc6 8. Bd3 e5 9. O-O O-O 10. Qa4 {[%emt 0:01:30] B44: Sicilian: Taimanov: 5 Nb5} (10. Bg5 h6 11. Bh4 Bc5 12. Kh1 d6 13. f3 Be6 14. Qc2 Rb8 15. Rad1 Bd4 16. b3 g5 17. Bf2 c5 18. Nb5 {½-½ (59) Nakamura,H (2789)-Gelfand,B (2777) Wijk aan Zee 2014}) 10... Bc5 11. h3 $146 ({Predecessor:} 11. b4 Bd4 12. Bb2 d5 13. Qc2 dxc4 14. Bxc4 Qe7 15. a3 a5 16. b5 cxb5 17. Bxb5 Bb7 18. Kh1 Rfc8 19. f3 Bxc3 20. Bxc3 Qc5 {0-1 (20) Goth,G (2002)-Gasa,A (2257) Slovakia 2012}) 11... d6 12. Qc2 h6 13. Bd2 Be6 14. a3 a5 15. Rab1 Rb8 16. Na4 Bd4 17. b4 axb4 18. axb4 Nh5 19. Nc3 Qh4 20. Be3 {[%emt 0:03:30] [#]} Bxe3 (20... Bxh3 $1 $17 21. gxh3 Qxh3) 21. fxe3 {[%emt 0:00:30] [#]} Bxh3 $1 22. Qf2 {[%emt 0:08:30] [#]} (22. gxh3 $17 Qg3+ 23. Kh1 Qxh3+ 24. Qh2 Ng3+ 25. Kg1 Qxh2+ 26. Kxh2 Nxf1+ 27. Bxf1) 22... Qg5 $1 23. Kh2 Be6 24. b5 Nf6 25. Kg1 $19 Ng4 26. Qg3 cxb5 27. Nxb5 Qxe3+ 1-0

[Event "20th Iraklio Open 2017"]
[Site "Athens"]
[Date "2017.06.23"]
[Round "7.10"]
[White "Samartzis, Mihail"]
[Black "Loutragotis, Paraskevas Pantelei"]
[Result "1-0"]
[ECO "E29"]
[WhiteElo "1896"]
[BlackElo "1891"]
[Annotator "NA RC"]
[PlyCount "51"]
[EventDate "2017.??.??"]
[EventType "swiss"]
[EventCountry "GRE"]
[SourceTitle "playchess.com"]
[Source "ChessBase"]
[SourceQuality "1"]
[TimeControl "5400+30"]

1. d4 Nf6 2. c4 e6 3. Nc3 Bb4 4. e3 O-O 5. a3 Bxc3+ 6. bxc3 c5 7. Bd3 Nc6 8. Ne2 b6 9. e4 d6 10. Bg5 Ba6 11. O-O e5 12. f4 exd4 13. cxd4 cxd4 14. Ng3 Qd7 15. Bxf6 gxf6 16. Nf5 Kh8 17. Qh5 Rg8 18. Rf3 Rg6 19. Rh3 Kg8 20. Qxh7+ Kf8 21. Qh8+ Rg8 22. Qh6+ Ke8 23. Qxf6 Ne7 24. Rh8 Rf8 25. Rxf8+ Kxf8 26. Qg7+ 1-0

[Event "20th Iraklio Open 2017"]
[Site "Athens"]
[Date "2017.06.24"]
[Round "8.6"]
[White "Korniotis, Filippos"]
[Black "Fragkos, Vasileios"]
[Result "1-0"]
[ECO "D48"]
[WhiteElo "2143"]
[BlackElo "1453"]
[Annotator "NA"]
[PlyCount "61"]
[EventDate "2017.??.??"]
[EventType "swiss"]
[EventCountry "GRE"]
[SourceTitle "playchess.com"]
[Source "ChessBase"]
[SourceQuality "1"]
[TimeControl "5400+30"]

1. d4 d5 2. c4 c6 3. Nc3 Nf6 4. Nf3 a6 5. e3 Nbd7 6. Bd3 e6 7. O-O dxc4 8. Bxc4 b5 9. Bd3 Be7 10. Re1 O-O 11. e4 Bb7 12. Bf4 c5 13. d5 exd5 14. Nxd5 Nxd5 15. exd5 Nf6 16. d6 Re8 17. dxe7 Rxe7 18. Bxh7+ Kxh7 19. Ng5+ Kg6 20. Qc2+ Kh5 21. Ne6 Be4 22. Qe2+ Kg6 23. Nxd8 Rxd8 24. f3 Rde8 25. fxe4 Rxe4 26. Qc2 c4 27. Re3 Kh7 28. Rae1 g6 29. Rxe4 Rxe4 30. Rxe4 Nxe4 31. Qxe4 1-0

[Event "20th Iraklio Open 2017"]
[Site "Athens"]
[Date "2017.06.24"]
[Round "8.10"]
[White "Nemtsas, Hristoforos"]
[Black "Pelantakis, Mihail"]
[Result "0-1"]
[ECO "D08"]
[WhiteElo "1931"]
[BlackElo "1661"]
[Annotator "NA RC"]
[PlyCount "44"]
[EventDate "2017.??.??"]
[EventType "swiss"]
[EventCountry "GRE"]
[SourceTitle "playchess.com"]
[Source "ChessBase"]
[SourceQuality "1"]
[TimeControl "5400+30"]

1. d4 d5 2. c4 e5 3. dxe5 d4 4. a3 Nc6 5. Nf3 Nge7 {D08: Albin Counter Gambit} 6. b4 Ng6 7. Bb2 a5 8. b5 Ncxe5 9. Bxd4 (9. Nxe5 Nxe5 10. Qxd4 Qxd4 11. Bxd4 Nxc4 12. e3 Be6 13. Be2 {0-1 (30) Wojtaszek,R (2749)-Morozevich,A (2676) Doha 2016}) 9... Nxf3+ 10. exf3 $146 ({Predecessor:} 10. gxf3 Be6 11. Nc3 Bxc4 12. e3 Bxf1 13. Kxf1 {½-½ (60) Matlakov,M (2484)-Chuprov,D (2577) Novokuznetsk 2008}) 10... Qe7+ 11. Qe2 Be6 12. Qe3 O-O-O 13. Bc3 Qd6 14. Nd2 b6 15. Ne4 Qf4 16. g3 f6 17. h4 $2 (17. gxf4 $18 Bf5 {[#]} 18. Bxa5 $1 ) 17... Bf5 $2 (17... Qxe3+ $14 18. fxe3 Ne5) 18. Bh3 $2 (18. gxf4 $18 {is the precise move to win.} Bd6 19. Nxd6+ Rxd6 20. Bh3 Bxh3 21. Rxh3) 18... Bxh3 $4 (18... Qxe3+ $14 19. fxe3 Bxh3 20. Rxh3 h5) 19. Rxh3 $2 (19. gxf4 $18 Bc5 20. Nxc5 bxc5 21. Rxh3) 19... h5 $2 (19... Qf5 $11 20. g4 Qe6) 20. Rh2 $2 ({Only move:} 20. gxf4 $18 Kb8 21. c5 Bxc5 22. Nxc5) 20... f5 $2 (20... Qf5 $15) 21. Ng5 $4 (21. gxf4 $18 {was the only winning move.} Re8 22. Kf1) 21... Rd3 $4 (21... Qxc4 $19 22. Qe6+ Qxe6+ 23. Nxe6 Re8) 22. Bd4 $19 (22. Qe6+ $18 Kb8 23. gxf4 Rxc3 24. Qe8+ Kb7 25. Qxg6 Bxa3 26. Nf7) 22... Bxa3 $4 (22... Rxe3+ $19 23. Bxe3 Qxc4) 0-1

[Event "20th Iraklio Open 2017"]
[Site "Athens"]
[Date "2017.06.25"]
[Round "9.3"]
[White "Loutragotis, Dimitrios"]
[Black "Ergazakis, Ioannis"]
[Result "1-0"]
[ECO "B87"]
[WhiteElo "2143"]
[BlackElo "2150"]
[Annotator "NA"]
[PlyCount "145"]
[EventDate "2017.??.??"]
[EventType "swiss"]
[EventCountry "GRE"]
[SourceTitle "playchess.com"]
[Source "ChessBase"]
[SourceQuality "1"]
[TimeControl "40/5400+30:1800+30"]

1. e4 c5 2. Nf3 d6 3. d4 cxd4 4. Nxd4 Nf6 5. Nc3 a6 6. Bc4 e6 7. Bb3 b5 8. f4 Be7 9. e5 dxe5 10. fxe5 Nd5 (10... Nfd7 $11) 11. Nxd5 exd5 12. Qf3 Bb7 ({Better is} 12... O-O $1 $14) 13. Qg4 g6 14. Bh6 Nc6 15. Nxc6 Bxc6 16. O-O-O Qd7 17. Qd4 O-O-O $18 (17... Rg8 $16 18. Be3 (18. Bxd5 Bxd5 19. Qxd5 Qxd5 $15) 18... Rd8) 18. Rhf1 Qe6 19. Bg7 Rhe8 20. Bf6 Bb7 21. Bxe7 Rxe7 22. Rde1 Rde8 23. Re3 Kb8 24. a4 f5 25. Rd1 Rd7 26. Qf4 Rc7 27. axb5 axb5 28. h4 Rce7 29. Qd4 Rd7 30. Ba2 Rc8 31. Ra3 Rcc7 32. Ra5 Qc6 33. Bb3 Qc5 34. e6 Re7 35. Qh8+ Rc8 36. Qe5+ Rcc7 37. Qh8+ Rc8 38. Qe5+ Rcc7 39. Qe2 Qb6 40. Qxb5 Qxb5 41. Rxb5 Rxe6 42. Bxd5 Re2 43. Rd2 Re1+ 44. Rd1 Re2 45. Rxb7+ Rxb7 46. Bxb7 Kxb7 47. g3 Kc6 48. Rd3 Kc5 49. b3 Kb4 50. Kb2 Rf2 51. Rc3 Rg2 52. Rf3 h5 53. Rc3 Rg1 54. Rd3 Rg2 55. Re3 Rg1 56. c3+ Kc5 57. Kc2 Kd5 58. Kd3 Rd1+ 59. Ke2 Rg1 60. Rd3+ Ke4 61. Re3+ Kd5 62. Rd3+ Ke4 63. Rd4+ Ke5 64. Kf2 Rc1 65. Rc4 Rb1 66. b4 Kd5 67. Rc5+ Ke4 68. Rc6 Rb2+ 69. Ke1 Kf3 70. Rxg6 Rc2 71. b5 Rxc3 72. b6 Rb3 73. Kd2 1-0

[Event "20th Iraklio Open 2017"]
[Site "Athens"]
[Date "2017.06.25"]
[Round "9.7"]
[White "Abelakiotis, Stavros"]
[Black "Spyropoulos, Nikolaos"]
[Result "1/2-1/2"]
[ECO "B31"]
[WhiteElo "1861"]
[BlackElo "2229"]
[Annotator "NA"]
[PlyCount "77"]
[EventDate "2017.??.??"]
[EventType "swiss"]
[EventCountry "GRE"]
[SourceTitle "playchess.com"]
[Source "ChessBase"]
[SourceQuality "1"]
[TimeControl "40/5400+30:1800+30"]

1. e4 c5 2. Nf3 Nc6 3. Bb5 g6 4. Bxc6 bxc6 5. O-O Bg7 6. Re1 Rb8 {LiveBook: 42 Games} 7. Nc3 e5 8. d3 Ne7 9. Rb1 d6 10. Be3 O-O 11. Qd2 f5 $11 12. Bh6 f4 13. Bxg7 Kxg7 14. Kh1 g5 15. Nxg5 Ng6 16. Nf3 Bg4 17. Ng1 f3 18. g3 h5 19. Nd1 h4 20. Rf1 Rf7 21. c3 Qf6 22. Ne3 Qg5 23. Rbd1 hxg3 24. fxg3 f2 25. Nf5+ Rxf5 26. exf5 fxg1=Q+ 27. Kxg1 Qxd2 28. Rxd2 Nf8 29. Kg2 Kf6 30. h3 Bh5 31. g4 Bf7 32. Kg3 Nd7 33. h4 Ke7 34. g5 Bh5 35. Kh3 Rf8 36. Rdf2 a6 37. Rg1 Rg8 38. Rg3 Kf7 39. Rg1 1/2-1/2

[Event "20th Iraklio Open 2017"]
[Site "Athens"]
[Date "2017.06.25"]
[Round "9.8"]
[White "Galanos, Dimitrios"]
[Black "Papadimitriou, Loukas"]
[Result "0-1"]
[ECO "C42"]
[WhiteElo "1996"]
[BlackElo "2059"]
[Annotator "NA"]
[PlyCount "114"]
[EventDate "2017.??.??"]
[EventType "swiss"]
[EventCountry "GRE"]
[SourceTitle "playchess.com"]
[Source "ChessBase"]
[SourceQuality "1"]
[TimeControl "40/5400+30:1800+30"]

1. e4 e5 2. Nf3 Nf6 3. Nxe5 d6 4. Nxf7 Kxf7 5. d4 Qe8 6. Nc3 g6 7. Bc4+ {C42: Petroff Defence: 3 Nxe5 and unusual White 3rd moves} Be6 {LiveBook: 3 Games} 8. Bxe6+ Qxe6 ({Don't play} 8... Kxe6 $6 9. Qf3 $14) 9. O-O Bg7 10. Qd3 Re8 11. d5 $146 ({Predecessor:} 11. Re1 Kg8 12. Bg5 Nbd7 13. f4 c5 14. d5 Qf7 {1-0 (55) Chuprov,D (2525)-Nepomniachtchi,I (2506) Internet 2006}) 11... Qe7 12. Bg5 Nbd7 13. Rae1 h6 14. Bh4 (14. Bc1 $17) 14... g5 15. Bg3 Ne5 16. Qd1 Kg8 $17 17. Nb5 Qf7 18. Nd4 Nh5 19. Nf5 Nf4 20. h4 Qh5 21. f3 Neg6 22. hxg5 Qxg5 23. Qc1 Bd4+ 24. Kh1 Be5 25. Qd2 h5 26. Rg1 Kf7 27. Bh2 h4 28. Ref1 Rh8 29. Rf2 Qf6 30. Rc1 Rh5 31. Ne3 Bxb2 32. Ng4 Bxc1 33. Qxc1 Qg5 34. Qb2 Rb8 35. Qd4 b6 36. Qa4 a5 37. Qc4 Rc8 38. e5 Nxe5 39. Qxf4+ Qxf4 40. Bxf4 Ng6 41. Bd2 Rxd5 42. c4 Rc5 43. f4 Rxc4 44. Nh6+ Kg7 45. f5 Rf8 46. Bg5 Ne5 47. Be7 Re8 48. Bg5 Nf7 49. Nxf7 Kxf7 50. Kh2 Rg4 51. Bf4 Re4 52. g3 Kf6 53. Rc2 Rgxf4 54. gxf4 Rxf4 55. Rxc7 Rf2+ 56. Kh3 Rxa2 57. Rc6 Rb2 0-1

[Event "20th Iraklio Open 2017"]
[Site "Athens"]
[Date "2017.06.25"]
[Round "9.9"]
[White "Fragkos, Vasileios"]
[Black "Koerant, Filipos"]
[Result "0-1"]
[ECO "B07"]
[WhiteElo "1453"]
[BlackElo "1872"]
[Annotator "NA RC"]
[PlyCount "94"]
[EventDate "2017.??.??"]
[EventType "swiss"]
[EventCountry "GRE"]
[SourceTitle "playchess.com"]
[Source "ChessBase"]
[SourceQuality "1"]
[TimeControl "40/5400+30:1800+30"]

1. e4 d6 2. d4 Nf6 3. Nc3 Nbd7 4. f4 e5 5. Nf3 exd4 6. Nxd4 c6 {B07: Pirc Defence: Miscellaneous Systems} (6... g6 7. Be2 Bg7 8. O-O O-O 9. Bf3 c6 10. Kh1 Re8 11. Re1 Nc5 12. b4 Ne6 13. Be3 Nxd4 14. Bxd4 {0-1 (42) Andriasian,Z (2605)-Motylev,A (2677) Warsaw 2012}) 7. Be2 {LiveBook: 3 Games} d5 $146 ({Predecessor:} 7... g6 $11 {remains equal.} 8. O-O Bg7 9. Nb3 Qe7 10. Bd3 O-O 11. Qf3 Rb8 12. Bd2 {1-0 (27) Beikert,G (2435)-Schmidt Schaeffer,S (2395) Germany 1997}) 8. exd5 cxd5 9. O-O Bc5 10. Kh1 O-O 11. Nb3 Bb6 12. Nxd5 Nxd5 13. Qxd5 Qe7 14. Bf3 Nf6 15. Qg5 h6 16. Qh4 Bf5 17. Bd2 Qd7 (17... Bxc2 $11 18. Bc3 Rfe8) 18. Bb4 Rfe8 19. Rad1 (19. Bc3 $14) 19... Qb5 20. c3 {[#]} (20. Bc3 $1 $11) 20... Rad8 $1 21. h3 $2 {[#]} (21. Ba3) 21... a5 $2 (21... Ne4 $1 $19 22. Ra1 g5 23. fxg5 hxg5) 22. Ba3 a4 (22... Ne4 $17 23. Nd4 Bxd4 24. cxd4 g5 25. fxg5 hxg5) 23. Na1 $2 (23. Nd4 $15 Bxd4 24. cxd4) 23... Be4 24. Kh2 Bxf3 25. c4 Rxd1 26. Rxd1 Qxc4 27. Re1 Rxe1 28. Qxe1 Qe2 29. Qxe2 Bxe2 30. Nc2 Bc4 31. Nb4 Bc5 32. Kg3 Bxb4 33. Bxb4 Bxa2 34. Kf2 Ne4+ 35. Ke3 Nf6 36. Kd4 Bd5 37. g3 Bg2 38. h4 h5 39. Be1 Kf8 40. Kc4 Ke7 41. Kb4 Bc6 42. Kc4 Ke6 43. Kd4 Kf5 44. Kc5 Ne4+ 45. Kd4 Kg4 46. Ke5 Nxg3 47. Bxg3 Kxg3 0-1